MLB
CLEVELAND INDIANS @ TORONTO BLUE JAYS
09/06/2018
 
TOP OF THE 1ST
Cleveland Indians batting - Pitching for Toronto Blue Jays : LHP Clayton Kershaw
Pitching: LHP Clayton Kershaw
Batting: SHB Jose Ramirez 0-0: Fly out, F9 (Flyball, 9D)
Batting: RHB Marcus Semien 0-0: Called Strike
0-1: Ball
1-1: Foul Ball, location: 2F
1-2: Ball
2-2: Strikes out looking
Batting: LHB Matt Carpenter 0-0: Called Strike
0-1: Ball
1-1: Foul Ball, location: 2F
1-2: Ball
2-2: Foul Ball, location: 2F
2-2: Ground out 6-3 (Groundball, 4MS)
Top of the 1st over - 0 runs, 0 hits, 0 errors, 0 left on base; Cleveland 0 - Toronto 0
BOTTOM OF THE 1ST
Toronto Blue Jays batting - Pitching for Cleveland Indians : RHP Trevor Oaks
Pitching: RHP Trevor Oaks
Batting: LHB Dee Gordon 0-0: Swinging Strike
0-1: Ground out 6-3 (Groundball, 6)
Batting: RHB Elvis Andrus 0-0: Foul Ball, location: 2F
0-1: Called Strike
0-2: Ball
1-2: Reached on error, E5 (Groundball, 56)
Batting: RHB Andrew McCutchen 0-0: Ball
Elvis Andrus steals 2nd base
1-0: Ball
2-0: Ball
3-0: Called Strike
3-1: Base on Balls
Batting: SHB Josh Bell 0-0: Ball
1-0: Called Strike
1-1: Ball
2-1: Foul Ball, location: 2F
2-2: Grounds out, U3 (Groundball, 3L)
Elvis Andrus to third
Batting: LHB Carlos Gonzalez 0-0: Ball
1-0: Foul Ball, location: 2F
1-1: Foul Ball, location: 2F
1-2: Ball
2-2: 3-RUN HOME RUN (Flyball, 9LD), Distance : 333 ft
Batting: RHB Nicholas Castellanos 0-0: Foul Ball, location: 2F
0-1: Foul Ball, location: 2F
0-2: Ball
1-2: DOUBLE (Line Drive, 8LXD) - OUT at third base trying to stretch hit.
Bottom of the 1st over - 3 runs, 2 hits, 1 error, 0 left on base; Cleveland 0 - Toronto 3
TOP OF THE 2ND
Cleveland Indians batting - Pitching for Toronto Blue Jays : LHP Clayton Kershaw
Batting: RHB Steven Souza Jr. 0-0: Ball
1-0: Called Strike
1-1: Ball
2-1: Called Strike
2-2: Strikes out swinging
Batting: LHB Eric Hosmer 0-0: Ball
1-0: Ground out 6-3 (Groundball, 4D)
Batting: RHB Mitch Garver 0-0: Foul Ball, location: 2F
0-1: Ball
1-1: SINGLE (Line Drive, 78M)
Batting: RHB Jung-ho Kang 0-0: Ball
Wild Pitch!
Mitch Garver to second
1-0: Swinging Strike
1-1: Swinging Strike
1-2: Strikes out swinging
Top of the 2nd over - 0 runs, 1 hit, 0 errors, 1 left on base; Cleveland 0 - Toronto 3
BOTTOM OF THE 2ND
Toronto Blue Jays batting - Pitching for Cleveland Indians : RHP Trevor Oaks
Batting: RHB Jorge Soler 0-0: Ball
1-0: Called Strike
1-1: Called Strike
1-2: Ball
2-2: Strikes out swinging
Batting: RHB Keon Broxton 0-0: Called Strike
0-1: Swinging Strike
0-2: Foul Ball, location: 2F
0-2: Ball
1-2: Ball
2-2: Ball
3-2: Foul Ball, location: 2F
3-2: Foul Ball, location: 2F
3-2: Foul Ball, location: 2F
3-2: Fly out, F8 (Flyball, 8LXD)
Batting: RHB Austin Hedges 0-0: Foul Ball, location: 2F
0-1: Ball
1-1: SINGLE (Line Drive, 78M)
Batting: LHB Dee Gordon 0-0: Ball
1-0: Called Strike
1-1: Called Strike
1-2: Ball
2-2: Fly out, F3 (Line Drive, 3)
Bottom of the 2nd over - 0 runs, 1 hit, 0 errors, 1 left on base; Cleveland 0 - Toronto 3
TOP OF THE 3RD
Cleveland Indians batting - Pitching for Toronto Blue Jays : LHP Clayton Kershaw
Batting: LHB Matt Joyce 0-0: Ball
1-0: Ground out 6-3 (Groundball, 4S)
Batting: LHB Jacoby Ellsbury 0-0: Ball
1-0: Ball
2-0: Bunt for hit to 15 - play at first, batter OUT! 1-3
Batting: SHB Jose Ramirez 0-0: Swinging Strike
0-1: Fly out, F9 (Flyball, 89D)
Top of the 3rd over - 0 runs, 0 hits, 0 errors, 0 left on base; Cleveland 0 - Toronto 3
BOTTOM OF THE 3RD
Toronto Blue Jays batting - Pitching for Cleveland Indians : RHP Trevor Oaks
Batting: RHB Elvis Andrus 0-0: Called Strike
0-1: Called Strike
0-2: Ball
1-2: Ball
2-2: Ball
3-2: Foul Ball, location: 2F
3-2: Base on Balls
Batting: RHB Andrew McCutchen 0-0: Ball
1-0: Swinging Strike
1-1: Called Strike
1-2: SINGLE (Groundball, 34S) (infield hit)
Elvis Andrus to second
Batting: SHB Josh Bell 0-0: Ball
1-0: Ball
2-0: Ball
3-0: Called Strike
3-1: Foul Ball, location: 2F
3-2: Fly out, F5 (Popup, 56)
Batting: LHB Carlos Gonzalez 0-0: Called Strike
0-1: Swinging Strike
0-2: Strikes out swinging
Batting: RHB Nicholas Castellanos 0-0: Foul Ball, location: 2F
0-1: Ball
1-1: Called Strike
1-2: Foul Ball, location: 2F
1-2: SINGLE (Groundball, 56D)
Elvis Andrus to third
Andrew McCutchen to second
Runner from 3rd tries for Home, SAFE, no throw by LF
Batting: RHB Jorge Soler 0-0: Called Strike
0-1: Foul Ball, location: 2F
0-2: Strikes out swinging
Bottom of the 3rd over - 1 run, 2 hits, 0 errors, 2 left on base; Cleveland 0 - Toronto 4
TOP OF THE 4TH
Cleveland Indians batting - Pitching for Toronto Blue Jays : LHP Clayton Kershaw
Batting: RHB Marcus Semien 0-0: Called Strike
0-1: Swinging Strike
0-2: Ball
1-2: Strikes out swinging
Batting: LHB Matt Carpenter 0-0: Ball
1-0: Swinging Strike
1-1: Ball
2-1: Ball
3-1: Base on Balls
Batting: RHB Steven Souza Jr. 0-0: Fielders Choice at 2nd, 5-4 (Groundball, 5)
Batting: LHB Eric Hosmer 0-0: Ball
1-0: Foul Ball, location: 2F
1-1: Ball
2-1: DOUBLE (Line Drive, 9LM)
Steven Souza Jr. to third
Runner from 3rd tries for Home, throw by RF and OUT! 9-4-2
Top of the 4th over - 0 runs, 1 hit, 0 errors, 1 left on base; Cleveland 0 - Toronto 4
BOTTOM OF THE 4TH
Toronto Blue Jays batting - Pitching for Cleveland Indians : RHP Trevor Oaks
Batting: RHB Keon Broxton 0-0: Foul Ball, location: 2F
0-1: Foul Ball, location: 2F
0-2: Strikes out swinging
Batting: RHB Austin Hedges 0-0: Ball
1-0: Fly out, F9 (Flyball, 89S)
Batting: LHB Dee Gordon 0-0: Called Strike
0-1: Ball
1-1: Ball
2-1: SINGLE (Line Drive, 7S)
Batting: RHB Elvis Andrus 0-0: Called Strike
0-1: Ball
1-1: Ball
2-1: Fly out, F7 (Flyball, 7)
Bottom of the 4th over - 0 runs, 1 hit, 0 errors, 1 left on base; Cleveland 0 - Toronto 4
TOP OF THE 5TH
Cleveland Indians batting - Pitching for Toronto Blue Jays : LHP Clayton Kershaw
Batting: RHB Mitch Garver 0-0: Swinging Strike
0-1: Swinging Strike
0-2: Ball
1-2: Ball
2-2: Ball
3-2: Foul Ball, location: 2F
3-2: Ground out 6-3 (Groundball, 56)
Batting: RHB Jung-ho Kang 0-0: Ball
1-0: Ball
2-0: Called Strike
2-1: Foul Ball, location: 2F
2-2: Foul Ball, location: 2F
2-2: Strikes out swinging
Batting: LHB Matt Joyce 0-0: Foul Ball, location: 2F
0-1: Ball
1-1: Ball
2-1: Foul Ball, location: 2F
2-2: Ball
3-2: Fly out, F3 (Line Drive, 3)
Top of the 5th over - 0 runs, 0 hits, 0 errors, 0 left on base; Cleveland 0 - Toronto 4
BOTTOM OF THE 5TH
Toronto Blue Jays batting - Pitching for Cleveland Indians : RHP Trevor Oaks
Pitching: RHP Domingo German
Batting: RHB Andrew McCutchen 0-0: Ball
1-0: Ball
2-0: Ball
3-0: Called Strike
3-1: Base on Balls
Batting: SHB Josh Bell 0-0: Ball
1-0: Foul Ball, location: 2F
1-1: Ball
2-1: Ball
3-1: Base on Balls
Andrew McCutchen to second
Batting: LHB Carlos Gonzalez 0-0: Ball
1-0: Foul Ball, location: 2F
1-1: Swinging Strike
1-2: Strikes out swinging
Batting: RHB Nicholas Castellanos 0-0: Ball
1-0: Foul Ball, location: 2F
1-1: Ball
2-1: Fly out, F8 (Flyball, 8LS)
Batting: RHB Jorge Soler 0-0: Fly out, F9 (Flyball, 9S)
Bottom of the 5th over - 0 runs, 0 hits, 0 errors, 2 left on base; Cleveland 0 - Toronto 4
TOP OF THE 6TH
Cleveland Indians batting - Pitching for Toronto Blue Jays : LHP Clayton Kershaw
Batting: LHB Jacoby Ellsbury 0-0: Called Strike
0-1: Swinging Strike
0-2: Strikes out swinging
Batting: SHB Jose Ramirez 0-0: Called Strike
0-1: Foul Ball, location: 2F
0-2: Foul Ball, location: 2F
0-2: Ball
1-2: Ball
2-2: Foul Ball, location: 2F
2-2: Foul Ball, location: 2F
2-2: Ball
3-2: SINGLE (Groundball, 6) (infield hit)
Batting: RHB Marcus Semien 0-0: Called Strike
0-1: 2-RUN HOME RUN (Flyball, 78XD), Distance : 393 ft
Pitching: RHP Emilio Pagan
Batting: LHB Matt Carpenter 0-0: Ball
1-0: Swinging Strike
1-1: Ball
2-1: Ball
3-1: SINGLE (Line Drive, 9LS)
Batting: RHB Steven Souza Jr. 0-0: Swinging Strike
0-1: Swinging Strike
Passed Ball!
Matt Carpenter to second
0-2: Strikes out swinging
Batting: LHB Eric Hosmer 0-0: Ball
1-0: Ball
2-0: Fly out, F8 (Line Drive, 8RM)
Top of the 6th over - 2 runs, 3 hits, 0 errors, 1 left on base; Cleveland 2 - Toronto 4
BOTTOM OF THE 6TH
Toronto Blue Jays batting - Pitching for Cleveland Indians : RHP Domingo German
Batting: RHB Keon Broxton 0-0: Ball
1-0: Foul Ball, location: 2F
1-1: Swinging Strike
1-2: Foul Ball, location: 2F
1-2: Strikes out swinging
Batting: RHB Austin Hedges 0-0: Called Strike
0-1: Ball
1-1: Ball
2-1: Foul Ball, location: 2F
2-2: Fly out, F3 (Popup, 3SF)
Batting: LHB Dee Gordon 0-0: Called Strike
0-1: Ball
1-1: Foul Ball, location: 2F
1-2: Foul Ball, location: 2F
1-2: Ball
2-2: Strikes out swinging
Bottom of the 6th over - 0 runs, 0 hits, 0 errors, 0 left on base; Cleveland 2 - Toronto 4
TOP OF THE 7TH
Cleveland Indians batting - Pitching for Toronto Blue Jays : RHP Emilio Pagan
Batting: RHB Mitch Garver 0-0: SINGLE (Line Drive, 9LS)
Batting: RHB Jung-ho Kang 0-0: Called Strike
0-1: Foul Ball, location: 2F
0-2: Strikes out swinging
Batting: LHB Matt Joyce 0-0: Called Strike
0-1: Foul Ball, location: 2F
0-2: Ball
1-2: Fly out, F7 (Flyball, 7S)
Batting: LHB Jacoby Ellsbury 0-0: Called Strike
0-1: Ball
1-1: SINGLE (Line Drive, 9LM)
Mitch Garver to second
Batting: SHB Jose Ramirez 0-0: Fielders Choice at 2nd, 5-4 (Groundball, 56)
Top of the 7th over - 0 runs, 2 hits, 0 errors, 2 left on base; Cleveland 2 - Toronto 4
BOTTOM OF THE 7TH
Toronto Blue Jays batting - Pitching for Cleveland Indians : RHP Domingo German
Pitching: RHP Simon Castro
Batting: RHB Elvis Andrus 0-0: Called Strike
0-1: Foul Ball, location: 2F
0-2: Ball
1-2: Ground out 5-3 (Groundball, 56S)
Batting: RHB Andrew McCutchen 0-0: Ball
1-0: Ground out 5-3 (Groundball, 56S)
Batting: SHB Josh Bell 0-0: Ball
1-0: Called Strike
1-1: Swinging Strike
1-2: Strikes out swinging
Bottom of the 7th over - 0 runs, 0 hits, 0 errors, 0 left on base; Cleveland 2 - Toronto 4
TOP OF THE 8TH
Cleveland Indians batting - Pitching for Toronto Blue Jays : RHP Emilio Pagan
Pitching: RHP Trevor Rosenthal
Batting: RHB Marcus Semien 0-0: Called Strike
0-1: Ball
1-1: SOLO HOME RUN (Flyball, 9D), Distance : 358 ft
Batting: LHB Matt Carpenter 0-0: Called Strike
0-1: Swinging Strike
0-2: Strikes out swinging
Batting: RHB Steven Souza Jr. 0-0: Ball
1-0: Ball
2-0: Ball
3-0: Called Strike
3-1: Swinging Strike
3-2: Strikes out looking
Batting: LHB Eric Hosmer 0-0: Called Strike
0-1: Foul Ball, location: 2F
0-2: Ball
1-2: Ball
2-2: Ground out 6-3 (Groundball, 4M)
Top of the 8th over - 1 run, 1 hit, 0 errors, 0 left on base; Cleveland 3 - Toronto 4
BOTTOM OF THE 8TH
Toronto Blue Jays batting - Pitching for Cleveland Indians : RHP Simon Castro
Batting: LHB Carlos Gonzalez 0-0: Ball
1-0: Ball
2-0: Foul Ball, location: 2F
2-1: Called Strike
2-2: Strikes out looking
Batting: RHB Nicholas Castellanos 0-0: Called Strike
0-1: Ground out 1-3 (Groundball, 13)
Batting: RHB Jorge Soler 0-0: Called Strike
0-1: Swinging Strike
0-2: Foul Ball, location: 2F
0-2: Foul Ball, location: 2F
0-2: Ball
1-2: Ball
2-2: Foul Ball, location: 2F
2-2: Ground out 6-3 (Groundball, 6)
Bottom of the 8th over - 0 runs, 0 hits, 0 errors, 0 left on base; Cleveland 3 - Toronto 4
TOP OF THE 9TH
Cleveland Indians batting - Pitching for Toronto Blue Jays : RHP Trevor Rosenthal
Pitching: RHP Dellin Betances
Now in CF: Billy Hamilton
Pinch Hitting: LHB Brian McCann 0-0: Called Strike
0-1: Ball
1-1: Ball
2-1: Swinging Strike
2-2: Strikes out looking
Batting: RHB Jung-ho Kang 0-0: Ball
1-0: Foul Ball, location: 2F
1-1: Called Strike
1-2: Foul Ball, location: 2F
1-2: Strikes out swinging
Batting: LHB Matt Joyce 0-0: Foul Ball, location: 2F
0-1: Ball
1-1: Ball
2-1: Swinging Strike
2-2: Foul Ball, location: 2F
2-2: Foul Ball, location: 2F
2-2: Ball
3-2: Foul Ball, location: 2F
3-2: Foul Ball, location: 2F
3-2: Ground out 1-3 (Groundball, 34S)
Top of the 9th over - 0 runs, 0 hits, 0 errors, 0 left on base; Cleveland 3 - Toronto 4
Friday, November 16th, 2018 - OOTP Baseball 19.9 Build 115